 Dungeon Crawl Stone Soup version 0.31-a0-496-g6f97920a28 (webtiles) character file.

Game seed: 13415944271335122773

10605 Newt the Cleaver (level 11, -4/97 HPs)
             Began as a Black Draconian Shapeshifter on Aug 8, 2023.
             Was a High Priest of Okawaru.
             Slain by a lindwurm simulacrum (10 damage)
             ... in an ice cave.
             The game lasted 00:16:05 (10998 turns).

Newt the Cleaver (Black Draconian Shapeshifter)    Turns: 10998, Time: 00:16:05

Health: -4/97      AC:  7    Str: 21    XL:     11   Next: 38%
Magic:  11/11      EV: 14    Int:  9    God:    Okawaru [*****.]
Gold:   685        SH:  5    Dex: 14    Spells: 10/10 levels left

rFire   . . .        L - +8 executioner's axe of Linearity {pain, Dex+2}
rCold   . . .        (shield currently unavailable)
rNeg    . . .        (body armour unavailable)
rPois   .            (helmet restricted)
rElec   +            (no cloak)
rCorr   .            (no gloves)
SInv    .            (no boots)
Will    +....        q - amulet of reflection
Stlth   +            y - ring of willpower
HPRegen 0.36/turn    p - +4 ring of slaying
MPRegen 0.12/turn

%: reflection, clarity
@: maw-form, slowed, very slow
A: devouring maw, breathe lightning, AC +7, unfitting armour, electricity
resistance, cold-blooded, clarity, robust 1, wild magic 1
a: Breathe Lightning, Begin Untransformation, Renounce Religion, Heroism,
Finesse, Duel


You were in an ice cave.
You worshipped Okawaru.
Okawaru was extremely pleased with you.
You were a creature with a mouth for a stomach.
You visited 2 branches of the dungeon, and saw 12 of its levels.
You also visited: Sewer, Bailey and Ice Cave.

You collected 685 gold pieces.

Inventory:

Hand Weapons
 e - a +0 spectral war axe
 w - a +2 hand axe of flaming
 H - a +0 halberd
 L - the +8 executioner's axe of Linearity (weapon) {pain, Dex+2}
   (Okawaru gifted it to you on level 10 of the Dungeon)

   Dex:       It affects your dexterity (+2).
Missiles
 i - 9 boomerangs
 j - 31 poisoned darts
 J - a throwing net
Armour
 x - a +1 helmet
 E - a +0 kite shield
Jewellery
 m - a ring of magical power
 p - a +4 ring of slaying (right hand)
 q - an amulet of reflection (around neck)
 y - a ring of willpower (left hand)
 A - the amulet of Eternity {RegenMP SInv}
   (You took it off an orc on level 4 of the Dungeon)

   [amulet of magic regeneration]

   It increases your rate of magic regeneration.
   SInv:      It lets you see invisible.
 D - a ring of protection from fire
 F - a +6 ring of intelligence
 I - a ring of wizardry
 O - a ring of resist corrosion
Talismans
 b - a beast talisman
 c - a flux talisman
 u - a maw talisman (active)
Wands
 t - a wand of flame (7)
Scrolls
 o - 2 scrolls of amnesia
 s - 7 scrolls of teleportation
 N - a scroll of fear
Potions
 a - 3 potions of lignification
 d - a potion of attraction
 f - a potion of mutation
 g - a potion of heal wounds
 h - 4 potions of magic
 k - 4 potions of haste
 l - 6 potions of brilliance
 n - 3 potions of cancellation
 r - a potion of degeneration
 v - 4 potions of might
 z - a potion of enlightenment
 B - a potion of berserk rage {unknown}
 C - a potion of invisibility
 G - a potion of resistance {unknown}
 M - 2 potions of curing {unknown}


   Skills:
 - Level 6.0 Fighting
 - Level 10.0 Axes
 - Level 6.0 Dodging
 - Level 3.0 Unarmed Combat
 - Level 6.0 Evocations
 + Level 9.9 Shapeshifting


You had 10 spell levels left.
You didn't know any spells.
Your spell library contained the following spells:

 Spells                   Type           Power      Damage    Failure   Level
 Apportation              Tloc           0%         N/A       47%         1
 Necrotise                Necr           0%         1d4       47%         1
 Poisonous Vapours        Pois/Air       0%         N/A       61%         2
 Gell's Gravitas          Tloc           0%         N/A       83%         3
 Ignite Poison            Fire/Tmut/Pois 0%         N/A       83%         3
 Ozocubu's Armour         Ice            0%         N/A       83%         3
 Teleport Other           Tloc           0%         N/A       83%         3
 Dispersal                Tloc           0%         N/A       100%        6
 Ozocubu's Refrigeration  Ice            0%         4d7       100%        7
 Borgnjor's Revivificati  Necr           0%         N/A       100%        8
 Death's Door             Necr           0%         N/A       100%        9
 Summon Small Mammal      Summ           Unusable   N/A       N/A         1
 Haunt                    Necr/Summ      Unusable   N/A       N/A         7

Dungeon Overview and Level Annotations

Branches:
Dungeon (11/15)            Temple (1/1) D:5             Orc (0/2) D:10
  Sewer (visited)          Bailey (visited)           IceCv (1/1)
   Lair: D:8-11

Altars:
Ashenzari
Cheibriados
Dithmenos
Elyvilon
Fedhas
Gozag
Hepliaklqana
Makhleb
Nemelex Xobeh
Okawaru
Qazlal
Ru
Sif Muna
Trog
Uskayaw
Vehumet
Wu Jian
Xom
Yredelemnul
Zin
The Shining One

Shops:
D:4 [   D:5 *   D:10 [(


Innate Abilities, Weirdness & Mutations

You are a creature with a mouth for a stomach.
Your midsection houses a second, enormous mouth.
You can breathe wild blasts of lightning.
Your glossy black scales are hard. (AC +7)
You cannot fit into any form of body armour.
You are resistant to electric shocks. (rElec)
You are cold-blooded and may be slowed by cold attacks.
You possess an exceptional clarity of mind.
You are robust. (+10% HP)
Your spells are a little harder to cast, but a little more powerful.


Message History

You hear the faint crackling of a melting archway.
You start resting.
You hear the faint crackling of a melting archway.
Okay, then.
There is a frozen archway here.
The world spins around you as you enter the gateway.
You enter an ice cave!
Found an ice covered gate leading back out of this place.
There is an ice choked empty arch of ancient stone here.
You barely miss the komodo dragon simulacrum.
You bite the komodo dragon simulacrum!
The komodo dragon simulacrum is heavily damaged.
You hit the komodo dragon simulacrum.
The komodo dragon simulacrum bites you but does no damage.
The komodo dragon simulacrum bites you!
The komodo dragon simulacrum freezes you!
You slash the komodo dragon simulacrum!
The komodo dragon simulacrum vaporises!
Okawaru accepts your kill.
You slash the lindwurm simulacrum! You hit the komodo dragon simulacrum.
The komodo dragon simulacrum barely misses you.
The lindwurm simulacrum misses you.
The lindwurm simulacrum claws you but does no damage.
The lindwurm simulacrum misses you.
You completely miss the lindwurm simulacrum.
You tail-slap the lindwurm simulacrum, but do no damage.
You bite the lindwurm simulacrum!
The lindwurm simulacrum is almost destroyed.
You hit the komodo dragon simulacrum. The lindwurm simulacrum bites you!
The lindwurm simulacrum freezes you!!
You feel yourself slow down.
The lindwurm simulacrum barely misses you.
The lindwurm simulacrum claws you. The lindwurm simulacrum freezes you!
The komodo dragon simulacrum bites you!
* * * LOW HITPOINT WARNING * * *
The komodo dragon simulacrum freezes you!
* * * LOW HITPOINT WARNING * * *
The lindwurm simulacrum bites you.
* * * LOW HITPOINT WARNING * * *
The lindwurm simulacrum freezes you!
You die...

#### ##..##
##....### #
#......Z##....
#.∩.∩.W○....#
#......Z...##
##....##..##
##..## ###
####


You could see a komodo dragon simulacrum and a lindwurm simulacrum.

Vanquished Creatures
  Urug (D:10)
  An orc knight (Bailey)
  Pikel (D:7)
  2 gargoyles (D:10)
  Psyche (D:10)
  Maggie (D:6)
  A kobold demonologist (D:8)
  2 rime drakes (D:11)
  A troll (D:9)
  Grinder (D:5)
  Sigmund (D:6)
  A vampire (D:10)
  A shadow (D:11)
  Eustachio (D:4)
  A wyvern (D:7)
  A wraith (D:9)
  Menkaure (D:7)
  3 vampire mosquitoes (D:10)
  An acid dragon (D:10)
  Duvessa (D:5)
  2 water moccasins
  7 orc warriors
  2 black bears
  2 ice beasts
  3 ogres
  3 phantoms
  2 lemures (D:7)
  2 bullfrogs
  5 kobold brigands
  3 scorpions
  3 gnoll sergeants
  4 wights (D:8)
  Dowan (D:5)
  14 killer bees
  2 howler monkeys
  2 electric eels (D:8)
  A komodo dragon simulacrum (IceCv)
  A hound (D:6)
  Crazy Yiuf (D:6)
  2 jellies
  8 orc priests
  Jessica (D:3)
  2 iguanas
  14 orc wizards
  Robin (D:2)
  19 gnolls
  8 adders
  2 river rats (Sewer)
  An ufetubus (D:5)
  2 worms
  2 dart slugs
  50 orcs
  5 bats
  9 endoplasms
  5 giant cockroaches
  16 goblins
  12 hobgoblins
  3 quokkas
  12 ball pythons
  3 frilled lizards
  28 kobolds
  5 rats
294 creatures vanquished.

Vanquished Creatures (others)
  A manticore (D:9)
1 creature vanquished.

Grand Total: 295 creatures vanquished

Notes
Turn   | Place    | Note
-------+----------+-------------------------------------------
     0 | D:1      | Newt the Draconian Shapeshifter began the quest for the
                  | Orb.
     0 | D:1      | Reached XP level 1. HP: 16/16 MP: 1/1
   256 | D:1      | Reached XP level 2. HP: 24/25 MP: 2/2
   806 | D:2      | Reached XP level 3. HP: 24/31 MP: 3/3
  1236 | D:2      | Noticed Robin
  1254 | D:2      | Killed Robin
  1255 | D:2      | Reached XP level 4. HP: 28/38 MP: 4/4
  1985 | D:3      | Noticed Jessica
  1991 | D:3      | Killed Jessica
  1992 | D:3      | Reached XP level 5. HP: 45/45 MP: 5/5
  2200 | D:4      | Found a glowing drain.
  2206 | D:4      | Noticed Eustachio
  2216 | D:4      | Reached XP level 6. HP: 26/51 MP: 6/6
  2217 | D:4      | Identified the amulet of Eternity {RegenMP SInv}
  2221 | D:4      | Killed Eustachio
  2222 | D:4      | Reached skill level 5 in Shapeshifting
  2245 | Sewer    | Entered a sewer
  2790 | D:4      | Found a broken altar of Ashenzari.
  2798 | D:4      | Reached skill level 2 in Axes
  2798 | D:4      | Your scales start taking on a glossy black colour.
  2798 | D:4      | Reached XP level 7. HP: 48/57 MP: 7/7
  2798 | D:4      | Gained mutation: You are resistant to electric shocks.
                  | (rElec) [Black Draconian growth]
  2991 | D:4      | Got the Papyrus of Putridity and the Voyage
  3034 | D:4      | Found Dorob's Armour Shoppe.
  3111 | D:4      | Found a shimmering blue altar of Sif Muna.
  3293 | D:5      | Entered Level 5 of the Dungeon
  3317 | D:5      | Noticed Grinder
  3323 | D:5      | Paralysed by Grinder for 3 turns
  3329 | D:5      | Killed Grinder
  3330 | D:5      | Reached skill level 4 in Axes
  3375 | D:5      | Reached skill level 5 in Axes
  3389 | D:5      | Noticed Dowan
  3391 | D:5      | Noticed Duvessa
  3398 | D:5      | Killed Duvessa
  3399 | D:5      | Reached XP level 8. HP: 40/63 MP: 8/8
  3401 | D:5      | Killed Dowan
  3402 | D:5      | Reached skill level 6 in Axes
  3822 | D:5      | Found Harear's Gadget Gallery.
  3873 | D:5      | Found a staircase to the Ecumenical Temple.
  3885 | Temple   | Entered the Ecumenical Temple
  3916 | Temple   | Became a worshipper of Warmaster Okawaru
  4025 | D:6      | Noticed Sigmund
  4029 | D:6      | Killed Sigmund
  4030 | D:6      | Reached skill level 7 in Axes
  4083 | D:6      | Reached skill level 5 in Fighting
  4083 | D:6      | HP: 3/69 [poisoned by a scorpion]
  4084 | D:6      | Gained mutation: You possess an exceptional clarity of
                  | mind. [potion of mutation]
  4084 | D:6      | Gained mutation: Your spells are a little harder to cast,
                  | but a little more powerful. [potion of mutation]
  4084 | D:6      | Gained mutation: You are robust. (+10% HP) [potion of
                  | mutation]
  4084 | D:6      | HP: 1/75 [poisoned by a scorpion]
  4275 | D:6      | Reached * piety under Okawaru
  4313 | D:6      | Reached XP level 9. HP: 37/82 MP: 9/9
  4360 | D:6      | Reached skill level 5 in Dodging
  4562 | D:6      | Noticed Maggie
  4567 | D:6      | Reached ** piety under Okawaru
  4571 | D:6      | Killed Maggie
  4778 | D:6      | Found a runed translucent door.
  4780 | D:6      | Noticed Crazy Yiuf
  4784 | D:6      | Killed Crazy Yiuf
  4989 | D:7      | Noticed Pikel
  4999 | D:7      | Killed Pikel
  4999 | D:7      | Reached *** piety under Okawaru
  5000 | D:7      | Reached skill level 8 in Axes
  5012 | D:7      | Reached skill level 9 in Axes
  5582 | D:7      | Noticed Menkaure
  5592 | D:7      | Killed Menkaure
  5593 | D:7      | Reached skill level 10 in Axes
  5593 | D:7      | Reached skill level 1 in Evocations
  5593 | D:7      | Reached XP level 10. HP: 25/91 MP: 10/10
  6233 | D:8      | Noticed an orange demon
  6241 | D:8      | Reached **** piety under Okawaru
  7292 | D:8      | Reached skill level 5 in Evocations
  7674 | D:9      | Found a flagged portal.
  7674 | D:9      | Noticed a manticore
  7678 | D:9      | Killed a manticore
  7685 | Bailey   | Entered a bailey
  7946 | Bailey   | Reached ***** piety under Okawaru
  8011 | Bailey   | Noticed an orc knight
  8019 | Bailey   | Killed an orc knight
  9203 | D:10     | Entered Level 10 of the Dungeon
  9203 | D:10     | Noticed a gargoyle
  9207 | D:10     | Killed a gargoyle
  9207 | D:10     | Identified the +8 executioner's axe of Linearity {pain,
                  | Dex+2} (Okawaru gifted it to you on level 10 of the
                  | Dungeon)
  9207 | D:10     | Received a gift from Okawaru
  9327 | D:10     | Noticed a gargoyle
  9329 | D:10     | Found Sojythiu's Armour Shop.
  9329 | D:10     | Found a staircase to the Orcish Mines.
  9340 | D:10     | Killed a gargoyle
  9341 | D:10     | Reached XP level 11. HP: 26/97 MP: 11/11
  9923 | D:10     | Noticed Psyche
  9931 | D:10     | Killed Psyche
 10021 | D:10     | Found Isiwer's Weapon Shop.
 10474 | D:10     | Noticed Urug
 10480 | D:10     | Killed Urug
 10923 | D:11     | Found a frozen archway.
 10993 | IceCv    | Entered an ice cave
 10998 | IceCv    | Slain by a lindwurm simulacrum

Illustrated notes

Levels and vault maps discovered:
D:1:      lightli_arrival_windingriver, layout_rooms
D:2:      layout_basic, uniq_robin
D:3:      layout_loops_ring, bh_walls_and_bars, uniq_jessica
D:4:      layout_loops_cross, nicolae_overflow_hidden_temple,
          gup_sewer_entry_glass, serial_glass, glass_columns_a, glass_columns_c,
          serial_shops, shop, kennysheep_diamond, minmay_crystal_water,
          uniq_eustachio
D:5:      layout_basic, temple_hall, minmay_misc_feat_chi, nicolae_shop_gadgets,
          uniq_duvessa, uniq_grinder
D:6:      dreamdust_elfheim, layout_rooms, uniq_maggie, uniq_sigmund,
          uniq_crazy_yiuf_cottage
D:7:      layout_loops_ring, serial_co_window_serial, co_window_paths_b,
          co_window_paths_b, co_window_paths_a, co_window_paths_a,
          co_window_paths_b, co_window_paths_c, co_window_unsneaky_path_c,
          co_window_corner_b, co_window_corner_b, glass_columns_b, uniq_pikel,
          uniq_menkaure
D:8:      nicolae_moon_pools, layout_basic
D:9:      layout_loops_ring, enter_bailey_2
D:10:     layout_basic, orc_david_3, uniq_urug, uniq_psyche
D:11:     layout_roguey, hellmonk_lair_entry_icy, portal_ice_cave_rime,
          nicolae_trove_entry_crossroad, nicolae_concentric_dashed_squares_wild
Temple:   mainiacjoe_temple_big_plus
IceCv:    ice_cave_small_dragons

Skill      XL: |  1  2  3  4  5  6  7  8  9 10 11 |
---------------+----------------------------------+-----
Fighting       | 2 3 6 |  6.0
Dodging        | 2 3 4 6 |  6.0
Shapeshifting  | 4 6 8 9 |  9.9
Axes           | 2 5 7 10 | 10.0
Evocations     | 1 6 |  6.0
Unarmed Combat | |  3.0

Action                     |  1- 3 |  4- 6 |  7- 9 | 10-12 || total
---------------------------+-------+-------+-------+-------++-------
  Melee: War axe           |   115 |   108 |   111 |   138 ||   472
         Tailslap          |    12 |    11 |    17 |    28 ||    68
         Punch             |     2 |     3 |     2 |     2 ||     9
         Hand axe          |       |     5 |       |       ||     5
         Executioner's axe |       |       |       |    86 ||    86
         Maw               |       |       |       |    14 ||    14
  Throw: Throwing net      |       |       |       |     1 ||     1
 Invoke: Heroism           |       |       |       |     1 ||     1
Ability: Breathe Lightning |       |       |     7 |     2 ||     9
    Use: Scroll            |     2 |     7 |     8 |     4 ||    21
         Potion            |     1 |       |     2 |     3 ||     6
   Stab: Sleeping          |     1 |       |       |     2 ||     3
         Distracted        |       |       |     1 |     1 ||     2
         Invisible         |       |       |       |     2 ||     2
 Armour: Skin              |    91 |    51 |    17 |    35 ||   194
  Dodge: Dodged            |   127 |    65 |    53 |   114 ||   359
  Block: Other             |       |    28 |    18 |    25 ||    71
         Reflection        |       |     3 |     1 |     3 ||     7
         Kite shield       |       |       |       |    77 ||    77
   Form: Maw               |       |       |       |     1 ||     1

Table legend: (Time is in decaauts)
 A = Elapsed time spent in this place.
 B = Non-inter-level travel time spent in this place.
 C = Inter-level travel time spent in this place.
 D = Time resting spent in this place.
 E = Time spent auto-exploring this place.
 F = Levels seen in this place.
 G = Mean time per level.
                   A        B        C        D        E       F      G
               +--------+--------+--------+--------+--------+-----+--------+
         Total |  11255 |  10980 |    275 |   2238 |   6970 |  15 |  750.3 |
       Dungeon |  10002 |   9788 |    214 |   2018 |   6307 |  11 |  909.3 |
        Temple |     61 |      1 |     60 |      0 |      0 |   1 |   61.0 |
         Sewer |    451 |    451 |      0 |      0 |    324 |   1 |  451.0 |
        Bailey |    734 |    734 |      0 |    220 |    338 |   1 |  734.0 |
      Ice Cave |      5 |      5 |      0 |      0 |      0 |   1 |    5.0 |
               +--------+--------+--------+--------+--------+-----+--------+

Top non-repeatable levels by time:
     D:8: 1436 daAuts
    D:10: 1334 daAuts
     D:7: 1248 daAuts
     D:9: 1227 daAuts
     D:5: 859 daAuts
     D:2: 851 daAuts
     D:1: 799 daAuts
     D:4: 764 daAuts
     D:6: 761 daAuts
  Bailey: 734 daAuts
     D:3: 614 daAuts
   Sewer: 451 daAuts
    D:11: 105 daAuts
  Temple: 61 daAuts
   IceCv: 5 daAuts
